TOP OF THE 1ST |
Warwick Hunchbacks batting - Pitching for Sylvania Maple Leaves : RHP Dave Conley
|
Pitching: RHP Dave Conley
|
|
Batting: LHB Luis Robles
|
0-0: Ball 1-0: Ball 2-0: Ball 3-0: Called Strike 3-1: SINGLE (Groundball, 34S)
|
Batting: RHB José Reyes
|
0-0: Foul Ball, location: 2F 0-1: Foul Ball, location: 2F 0-2: Foul Ball, location: 2F 0-2: Foul Ball, location: 2F 0-2: Ball 1-2: Strikes out looking
|
Batting: RHB Steve Brewer
|
0-0: Called Strike 0-1: Grounds into double play, 6-4-3 (Groundball, 6)
|
Top of the 1st over - 0 run(s), 1 hit(s), 0 error(s), 0 left on base; Warwick 0 - Sylvania 0 |
BOTTOM OF THE 1ST |
Sylvania Maple Leaves batting - Pitching for Warwick Hunchbacks : RHP Willie Cameron
|
Pitching: RHP Willie Cameron
|
|
Batting: RHB Kenny Norton
|
0-0: Called Strike 0-1: Ball 1-1: Ball 2-1: Ball 3-1: Foul Ball, location: 2F 3-2: Foul Ball, location: 2F 3-2: Foul Ball, location: 2F 3-2: Strikes out looking
|
Batting: RHB Bartolo García
|
0-0: Ball 1-0: Fly out, F8 (Line Drive, 8LD)
|
Batting: RHB Nick McKnight
|
0-0: Called Strike 0-1: Ball 1-1: Foul Ball, location: 2F 1-2: Strikes out looking
|
Bottom of the 1st over - 0 run(s), 0 hit(s), 0 error(s), 0 left on base; Warwick 0 - Sylvania 0 |
TOP OF THE 2ND |
Warwick Hunchbacks batting - Pitching for Sylvania Maple Leaves : RHP Dave Conley
|
Batting: LHB David Hubbard
|
0-0: DOUBLE (Flyball, 7LM)
|
Batting: RHB Jim Browning
|
0-0: Ball 1-0: Ball 2-0: Fly out, F6 (Line Drive, 6)
|
Batting: RHB Freddy Scott
|
0-0: Ball 1-0: Ball 2-0: Ball 3-0: Called Strike 3-1: Foul Ball, location: 2F 3-2: 2-RUN HOME RUN (Flyball, 7D), Distance : 385 ft
|
Batting: RHB Julián Rocha
|
0-0: Called Strike 0-1: Ball 1-1: Called Strike 1-2: Ball 2-2: TRIPLE (Flyball, 8RD)
|
Batting: RHB Octávio Castaneda
|
0-0: Called Strike 0-1: Ball 1-1: Called Strike 1-2: SINGLE (Line Drive, 34) Julián Rocha scores
|
Batting: LHB Javier Pérez
|
0-0: Ball 1-0: Ball 2-0: Grounds into double play, 4-6-3 (Groundball, 34)
|
Top of the 2nd over - 3 run(s), 4 hit(s), 0 error(s), 0 left on base; Warwick 3 - Sylvania 0 |
BOTTOM OF THE 2ND |
Sylvania Maple Leaves batting - Pitching for Warwick Hunchbacks : RHP Willie Cameron
|
Batting: LHB Iván Gonzáles
|
0-0: Ball 1-0: Ball 2-0: Foul Ball, location: 2F 2-1: Ball 3-1: Fly out, F8 (Line Drive, 8RM)
|
Batting: RHB Bernardo Márquez
|
0-0: Called Strike 0-1: Ball 1-1: Ball 2-1: Called Strike 2-2: Ball 3-2: Fly out, F4 (Popup, 4M)
|
Batting: RHB Ingo van Ham
|
0-0: Called Strike 0-1: Foul Ball, location: 2F 0-2: Foul Ball, location: 2F 0-2: Ball 1-2: Fly out, F3 (Popup, 23F)
|
Bottom of the 2nd over - 0 run(s), 0 hit(s), 0 error(s), 0 left on base; Warwick 3 - Sylvania 0 |
TOP OF THE 3RD |
Warwick Hunchbacks batting - Pitching for Sylvania Maple Leaves : RHP Dave Conley
|
Batting: LHB Luis Robles
|
0-0: Ball 1-0: Called Strike 1-1: Ground out 4-3 (Groundball, 4M)
|
Batting: RHB José Reyes
|
0-0: Called Strike 0-1: Ball 1-1: Foul Ball, location: 2F 1-2: Ball 2-2: DOUBLE (Flyball, 9LS)
|
Batting: RHB Steve Brewer
|
0-0: Foul Ball, location: 2F 0-1: Swinging Strike 0-2: Ball 1-2: Ground out 4-3 (Groundball, 4) José Reyes to third
|
Batting: LHB David Hubbard
|
0-0: Ball 1-0: Called Strike 1-1: Foul Ball, location: 2F 1-2: Ball 2-2: Ball 3-2: 2-RUN HOME RUN (Flyball, 9D), Distance : 383 ft
|
Pitching: RHP Dani Calderón
|
|
Batting: RHB Jim Browning
|
0-0: Called Strike 0-1: Foul Ball, location: 2F 0-2: Strikes out looking
|
Top of the 3rd over - 2 run(s), 2 hit(s), 0 error(s), 0 left on base; Warwick 5 - Sylvania 0 |
BOTTOM OF THE 3RD |
Sylvania Maple Leaves batting - Pitching for Warwick Hunchbacks : RHP Willie Cameron
|
Batting: RHB Fernando Díaz
|
0-0: Ball 1-0: Ball 2-0: Called Strike 2-1: Foul Ball, location: 2F 2-2: Ball 3-2: Base on Balls
|
Batting: LHB Carl Pierce
|
0-0: Ball 1-0: Ball 2-0: Swinging Strike 2-1: Ball 3-1: Foul Ball, location: 2F 3-2: Foul Ball, location: 2F 3-2: Grounds into double play, 4-6-3 (Groundball, 4)
|
Batting: RHB José Valdéz
|
0-0: Ball 1-0: Swinging Strike 1-1: SINGLE (Groundball, 5L)
|
Batting: RHB Kenny Norton
|
0-0: Called Strike 0-1: Ball 1-1: Fly out, F9 (Flyball, 9M)
|
Bottom of the 3rd over - 0 run(s), 1 hit(s), 0 error(s), 1 left on base; Warwick 5 - Sylvania 0 |
TOP OF THE 4TH |
Warwick Hunchbacks batting - Pitching for Sylvania Maple Leaves : RHP Dani Calderón
|
Batting: RHB Freddy Scott
|
0-0: Called Strike 0-1: Called Strike 0-2: Ball 1-2: Ball 2-2: Ground out 6-3 (Groundball, 6)
|
Batting: RHB Julián Rocha
|
0-0: Ball 1-0: SOLO HOME RUN (Line Drive, 7D), Distance : 403 ft
|
Batting: RHB Octávio Castaneda
|
0-0: Swinging Strike 0-1: Ball 1-1: Swinging Strike 1-2: Strikes out swinging
|
Batting: LHB Javier Pérez
|
0-0: Fly out, F8 (Flyball, 8RM)
|
Top of the 4th over - 1 run(s), 1 hit(s), 0 error(s), 0 left on base; Warwick 6 - Sylvania 0 |
BOTTOM OF THE 4TH |
Sylvania Maple Leaves batting - Pitching for Warwick Hunchbacks : RHP Willie Cameron
|
Batting: RHB Bartolo García
|
0-0: Ground out 5-3 (Groundball, 5L)
|
Batting: RHB Nick McKnight
|
0-0: Fly out, F7 (Flyball, 7S)
|
Batting: LHB Iván Gonzáles
|
0-0: Called Strike 0-1: Called Strike 0-2: Ground out 4-3 (Groundball, 4)
|
Bottom of the 4th over - 0 run(s), 0 hit(s), 0 error(s), 0 left on base; Warwick 6 - Sylvania 0 |
TOP OF THE 5TH |
Warwick Hunchbacks batting - Pitching for Sylvania Maple Leaves : RHP Dani Calderón
|
Batting: LHB Luis Robles
|
0-0: SINGLE (Line Drive, 89S)
|
Batting: RHB José Reyes
|
0-0: Ball 1-0: Ball 2-0: Ball 3-0: Base on Balls Luis Robles to second
|
Batting: RHB Steve Brewer
|
0-0: Ground out 4-3 (Groundball, 4S) Luis Robles to third José Reyes to second
|
Batting: LHB David Hubbard
|
0-0: Ball 1-0: Ball 2-0: SINGLE (Line Drive, 9S) Luis Robles scores José Reyes to third
|
Batting: RHB Jim Browning
|
0-0: Called Strike 0-1: Swinging Strike 0-2: Foul Ball, location: 2F 0-2: Strikes out swinging
|
Batting: RHB Freddy Scott
|
0-0: Ball 1-0: Ball 2-0: Called Strike 2-1: Ball 3-1: Called Strike 3-2: Fly out, F9 (Flyball, 9M)
|
Top of the 5th over - 1 run(s), 2 hit(s), 0 error(s), 2 left on base; Warwick 7 - Sylvania 0 |
BOTTOM OF THE 5TH |
Sylvania Maple Leaves batting - Pitching for Warwick Hunchbacks : RHP Willie Cameron
|
Batting: RHB Bernardo Márquez
|
0-0: Ground out 4-3 (Groundball, 4)
|
Batting: RHB Ingo van Ham
|
0-0: Ball 1-0: Ball 2-0: Ball 3-0: Called Strike 3-1: Ground out 4-3 (Groundball, 13)
|
Batting: RHB Fernando Díaz
|
0-0: Ground out 4-3 (Groundball, 4)
|
Bottom of the 5th over - 0 run(s), 0 hit(s), 0 error(s), 0 left on base; Warwick 7 - Sylvania 0 |
TOP OF THE 6TH |
Warwick Hunchbacks batting - Pitching for Sylvania Maple Leaves : RHP Dani Calderón
|
Pitching: RHP Ju-hyung O
|
|
Batting: RHB Julián Rocha
|
0-0: Swinging Strike 0-1: Called Strike 0-2: Foul Ball, location: 2F 0-2: DOUBLE (Line Drive, 8RM)
|
Batting: RHB Octávio Castaneda
|
0-0: Ball 1-0: Called Strike 1-1: Ball 2-1: Called Strike 2-2: Ground out 6-3 (Groundball, 6)
|
Batting: LHB Javier Pérez
|
0-0: Ball 1-0: Foul Ball, location: 2F 1-1: Ball Passed Ball! Julián Rocha to third 2-1: Called Strike 2-2: Foul Ball, location: 2F 2-2: Foul Ball, location: 2F 2-2: Foul Ball, location: 2F 2-2: SINGLE (Groundball, 13) (infield hit) Julián Rocha scores
|
Batting: LHB Luis Robles
|
0-0: Ball Javier Pérez steals 2nd base 1-0: Swinging Strike 1-1: Ball 2-1: Called Strike 2-2: Foul Ball, location: 2F 2-2: Ball 3-2: Fly out, F4 (Popup, 4M)
|
Batting: RHB José Reyes
|
0-0: Called Strike 0-1: Foul Ball, location: 2F 0-2: Foul Ball, location: 2F 0-2: Ball 1-2: Fly out, F5 (Popup, 15)
|
Top of the 6th over - 1 run(s), 2 hit(s), 0 error(s), 1 left on base; Warwick 8 - Sylvania 0 |
BOTTOM OF THE 6TH |
Sylvania Maple Leaves batting - Pitching for Warwick Hunchbacks : RHP Willie Cameron
|
Batting: LHB Carl Pierce
|
0-0: Ball 1-0: SOLO HOME RUN (Flyball, 9LD), Distance : 354 ft
|
Batting: RHB José Valdéz
|
0-0: Ball 1-0: Ball 2-0: Called Strike 2-1: Foul Ball, location: 2F 2-2: Ball 3-2: SINGLE (Line Drive, 89S)
|
Batting: RHB Kenny Norton
|
0-0: Ball 1-0: Ground out U3 (Groundball, 3) José Valdéz to second
|
Batting: RHB Bartolo García
|
0-0: Ball 1-0: Ball 2-0: Ball 3-0: Called Strike 3-1: Ground out 2-3 (Groundball, 2L) José Valdéz to third
|
Batting: RHB Nick McKnight
|
0-0: Foul Ball, location: 2F 0-1: Ball 1-1: Ball 2-1: SINGLE (Line Drive, 6MD) José Valdéz scores
|
Batting: LHB Iván Gonzáles
|
0-0: Ball 1-0: Foul Ball, location: 2F 1-1: Foul Ball, location: 2F 1-2: Foul Ball, location: 2F 1-2: Ball 2-2: Foul Ball, location: 2F 2-2: Reached on error, E4 (Groundball, 34) Nick McKnight to second
|
Batting: RHB Bernardo Márquez
|
0-0: Ball 1-0: Ball 2-0: Ball 3-0: Called Strike 3-1: Fly out, F6 (Popup, 6)
|
Bottom of the 6th over - 2 run(s), 3 hit(s), 1 error(s), 2 left on base; Warwick 8 - Sylvania 2 |
TOP OF THE 7TH |
Warwick Hunchbacks batting - Pitching for Sylvania Maple Leaves : RHP Ju-hyung O
|
Batting: RHB Steve Brewer
|
0-0: Fly out, F9 (Line Drive, 9M)
|
Batting: LHB David Hubbard
|
0-0: SINGLE (Groundball, 34D)
|
Batting: RHB Jim Browning
|
0-0: Ball 1-0: Swinging Strike 1-1: Ground out 5-3 (Groundball, 5S) David Hubbard to second
|
Batting: RHB Freddy Scott
|
0-0: Called Strike 0-1: SINGLE (Line Drive, 6M) David Hubbard to third Runner from 3rd tries for Home, SAFE, no throw or cutoff
|
Pitching: LHP Wilson Castillo
|
|
Batting: RHB Julián Rocha
|
0-0: Ball 1-0: Ball 2-0: Fly out, F4 (Popup, 4)
|
Top of the 7th over - 1 run(s), 2 hit(s), 0 error(s), 1 left on base; Warwick 9 - Sylvania 2 |
BOTTOM OF THE 7TH |
Sylvania Maple Leaves batting - Pitching for Warwick Hunchbacks : RHP Willie Cameron
|
Now at C: Edwin McClung
|
|
Batting: RHB Ingo van Ham
|
0-0: Swinging Strike 0-1: Foul Ball, location: 2F 0-2: Ball 1-2: Ball 2-2: Foul Ball, location: 2F 2-2: Strikes out swinging
|
Batting: RHB Fernando Díaz
|
0-0: Ball 1-0: Ball 2-0: Called Strike 2-1: Swinging Strike 2-2: Strikes out swinging
|
Batting: LHB Carl Pierce
|
0-0: Ball 1-0: Reached on error, E6 (Groundball, 6)
|
Batting: RHB José Valdéz
|
0-0: Ball 1-0: Ground out 4-3 (Groundball, 13)
|
Bottom of the 7th over - 0 run(s), 0 hit(s), 1 error(s), 1 left on base; Warwick 9 - Sylvania 2 |
TOP OF THE 8TH |
Warwick Hunchbacks batting - Pitching for Sylvania Maple Leaves : LHP Wilson Castillo
|
Batting: RHB Octávio Castaneda
|
0-0: Called Strike 0-1: Ball 1-1: DOUBLE (Flyball, 9LM)
|
Pinch Runner at 2nd Pat Johnston:
|
|
Batting: LHB Javier Pérez
|
0-0: Ball 1-0: Reached on error, E1 (Groundball, 15) Pat Johnston scores
|
Batting: LHB Luis Robles
|
0-0: Ground out 5-3 (Groundball, 15S) Javier Pérez to third
|
Batting: RHB Edwin McClung
|
0-0: Ball 1-0: Called Strike 1-1: SINGLE (Groundball, 6M) (infield hit) Javier Pérez scores
|
Batting: RHB Steve Brewer
|
0-0: Ball 1-0: Foul Ball, location: 2F 1-1: Ground out 6-3 (Groundball, 6S) Edwin McClung to second
|
Batting: LHB David Hubbard
|
0-0: Foul Ball, location: 2F 0-1: Ground out 4-3 (Groundball, 4M)
|
Top of the 8th over - 2 run(s), 2 hit(s), 1 error(s), 1 left on base; Warwick 11 - Sylvania 2 |
BOTTOM OF THE 8TH |
Sylvania Maple Leaves batting - Pitching for Warwick Hunchbacks : RHP Willie Cameron
|
Now in RF: Pat Johnston
|
|
Batting: RHB Kenny Norton
|
0-0: Called Strike 0-1: Fly out, F7 (Flyball, 78M)
|
Batting: RHB Bartolo García
|
0-0: Foul Ball, location: 2F 0-1: Swinging Strike 0-2: Strikes out swinging
|
Batting: RHB Nick McKnight
|
0-0: Foul Ball, location: 2F 0-1: Ball 1-1: Ball 2-1: Ball 3-1: Base on Balls
|
Pitching: RHP Joel Harris
|
|
Batting: LHB Iván Gonzáles
|
0-0: Called Strike 0-1: Fly out, F7 (Flyball, 7LS)
|
Bottom of the 8th over - 0 run(s), 0 hit(s), 0 error(s), 1 left on base; Warwick 11 - Sylvania 2 |
TOP OF THE 9TH |
Warwick Hunchbacks batting - Pitching for Sylvania Maple Leaves : LHP Wilson Castillo
|
Batting: RHB Jim Browning
|
0-0: Called Strike 0-1: Ball 1-1: Called Strike 1-2: Ball 2-2: Strikes out swinging
|
Batting: RHB Freddy Scott
|
0-0: Foul Ball, location: 2F 0-1: Foul Ball, location: 2F 0-2: Ball 1-2: Fly out, F6 (Popup, 6)
|
Batting: RHB Julián Rocha
|
0-0: Ball 1-0: Called Strike 1-1: Reached on error, E1 (Groundball, 13S)
|
Batting: SHB Pat Johnston
|
0-0: Called Strike 0-1: Ball 1-1: Ball Wild Pitch! Julián Rocha to third 2-1: Ball 3-1: Ground out 6-3 (Groundball, 6M)
|
Top of the 9th over - 0 run(s), 0 hit(s), 1 error(s), 1 left on base; Warwick 11 - Sylvania 2 |
BOTTOM OF THE 9TH |
Sylvania Maple Leaves batting - Pitching for Warwick Hunchbacks : RHP Joel Harris
|
Batting: RHB Bernardo Márquez
|
0-0: Ball 1-0: Ball 2-0: Swinging Strike 2-1: Called Strike 2-2: Ball 3-2: Foul Ball, location: 2F 3-2: Base on Balls
|
Batting: RHB Ingo van Ham
|
0-0: Grounds into double play, 4-6-3 (Groundball, 4)
|
Batting: RHB Fernando Díaz
|
0-0: Ball 1-0: Swinging Strike 1-1: Ground out 4-3 (Groundball, 4M)
|
Bottom of the 9th over - 0 run(s), 0 hit(s), 0 error(s), 0 left on base; Warwick 11 - Sylvania 2 |
|